 Dungeon Crawl Stone Soup version 0.28-a0-691-gad6df49e81 (webtiles) character file.

Game seed: 4325894607652613282

1365 pokeman the Thaumaturge (level 8, -7/44 HPs)
             Began as a Deep Elf Hedge Wizard on Oct 22, 2021.
             Was a Believer of Vehumet.
             Mangled by Pikel (9 damage)
             ... on level 6 of the Dungeon.
             The game lasted 00:16:08 (7353 turns).

pokeman the Thaumaturge (Deep Elf Hedge Wizard)     Turns: 7353, Time: 00:16:09

Health: -7/44      AC:  5    Str:  7    XL:     8   Next: 38%
Magic:  14/23      EV: 12    Int: 22    God:    Vehumet [**....]
Gold:   153        SH:  0    Dex: 14    Spells: 9/26 levels left

rFire   . . .      SeeInvis .   l - +2 spear (venom)
rCold   . . .      Faith    .   (no shield)
rNeg    . . .      Spirit   .   j - +0 leather armour
rPois   .          Reflect  .   q - +0 helmet
rElec   .          Harm     .   (no cloak)
rCorr   .          Rampage  .   (no gloves)
Will    .....                   C - +0 pair of boots
Stlth   ++........              u - amulet of the acrobat
HPRegen 0.14/turn               (no ring)
MPRegen 0.18/turn               (no ring)

@: no status effects
A: no striking features
a: Renounce Religion


You were on level 6 of the Dungeon.
You worshipped Vehumet.
Vehumet was pleased with you.
You visited 1 branch of the dungeon, and saw 6 of its levels.
You also visited: Ossuary.

You collected 333 gold pieces.
You spent 180 gold pieces at shops.

Inventory:

Hand Weapons
 l - a +2 spear of venom (weapon)
Missiles
 a - 89 arrows
 e - 37 bolts
Armour
 j - a +0 leather armour (worn)
 q - a +0 helmet (worn)
 C - a +0 pair of boots (worn)
Jewellery
 u - an amulet of the acrobat (around neck)
Wands
 r - a wand of flame (14)
Scrolls
 d - 4 scrolls of fear {unknown}
 f - 6 scrolls of identify {unknown}
 g - a scroll of torment {unknown}
 i - 2 scrolls of enchant weapon {unknown}
 k - 7 scrolls of teleportation {unknown}
 m - a scroll of vulnerability {unknown}
 s - a scroll of amnesia {unknown}
 v - a scroll of magic mapping {unknown}
 w - a scroll of enchant armour {unknown}
 y - a scroll of immolation {unknown}
 B - a scroll of brand weapon {unknown}
 D - a scroll of fog {unknown}
Potions
 b - 7 potions of curing
 c - 2 potions of brilliance {unknown}
 h - 6 potions of attraction {unknown}
 n - 2 potions of might {unknown}
 o - 2 potions of invisibility
 p - a potion of flight {unknown}
 t - a potion of magic
 x - a potion of berserk rage {unknown}
 z - 2 potions of lignification {unknown}
 A - a potion of heal wounds {unknown}


   Skills:
 - Level 2.1 Fighting
 + Level 2.3 Armour
 - Level 3.0 Dodging
 - Level 3.0 Stealth
 * Level 9.6 Spellcasting
 + Level 5.0 Conjurations
 - Level 1.1 Summonings
 - Level 1.1 Translocations
 + Level 3.4 Fire Magic
 - Level 1.0 Ice Magic
 - Level 1.0 Air Magic
 - Level 1.3 Poison Magic
 - Level 1.0 Evocations


You had 9 spell levels left.
You knew the following spells:

 Your Spells              Type           Power      Damage    Failure   Level
a - Magic Dart            Conj           100%       1d8       1%          1
b - Mephitic Cloud        Conj/Pois/Air  21%        N/A       10%         3
c - Call Imp              Summ           15%        N/A       9%          2
d - Blink                 Tloc           N/A        N/A       9%          2
e - Conjure Flame         Conj/Fire      29%        6-21      4%          3
f - Shock                 Conj/Air       92%        1d8       2%          1
g - Freezing Cloud        Conj/Ice/Air   10%        6-21      67%         5

Your spell library contained the following spells:

 Spells                   Type           Power      Damage    Failure   Level
 Static Discharge         Conj/Air       23%        N/A       4%          2
 Slow                     Hex            10%        N/A       14%         2
 Ignite Poison            Fire/Tmut/Pois 17%        N/A       14%         3
 Confusing Touch          Hex            10%        N/A       28%         3
 Tukima's Dance           Hex            10%        N/A       28%         3
 Discord                  Hex            5%         N/A       100%        8


Dungeon Overview and Level Annotations

Branches:
Dungeon (6/15)            Ossuary (visited)
 Temple: D:4-7

Altars:
Nemelex Xobeh
Vehumet
The Shining One

Shops:
D:4 =!:!

Annotations:
D:6 Pikel


Message History

Unknown command.
The jelly is engulfed in blazing flames.
You kill the jelly!
Vehumet accepts your kill.
Your Conjurations skill increases to level 5!
Unknown command.
Casting: Conjure Flame (dangerous; 4% risk of failure)
Confirm with . or Enter, or press ? or * to list all spells.
Aiming: Mephitic Cloud (dangerous; 10% risk of failure)
Press: ? - help, Shift-Dir - straight line, f - adder
Aim: an adder (chance to affect: 91%)
The ball explodes into a vile cloud!
The stinking cloud engulfs the adder but does no damage.
The stinking cloud engulfs Pikel but does no damage.
You hear a shout! x3
The adder is engulfed in noxious fumes.
The adder appears confused.
Pikel is engulfed in noxious fumes.
Unknown command.
Unknown command.
You hit the adder.
The adder is poisoned.
The adder is moderately wounded.
The adder is engulfed in blazing flames.
You kill the adder!
Vehumet accepts your kill.
Pikel is engulfed in noxious fumes.
Pikel appears confused.
Unknown command.
You hit Pikel.
Pikel is poisoned.
Pikel is lightly wounded.
Pikel is engulfed in blazing flames.
Pikel hits you with a +2 whip of electrocution.
You are electrocuted!!
* * * LOW HITPOINT WARNING * * *
A kobold comes into view. It is wielding a +0 dagger of venom.
You hit Pikel but do no damage.
Pikel looks as sick as possible!
Pikel is heavily wounded.
Pikel is engulfed in blazing flames.
Pikel hits you with a +2 whip of electrocution.
* * * LOW HITPOINT WARNING * * *
You are electrocuted!
You die...

.# #.# #.# #.# #.# #.#
### ####.####
##.########5O.....#
#....@K.s†55K...#.#
####.########5K.....####
#...>..# #.#>........
#.##.#.# #.##.##.####
#.##.#.### #.##.##)#
#.##..<).# #.......#
#.####.#.# ####.####
#......#.# ...
########.# ...


You could see Pikel (confused, extremely poisoned), an ogre, 4 lemures, a
scorpion and 2 kobolds.

Vanquished Creatures
  Eustachio (D:6)
  3 ogres
  2 phantoms (D:4)
  An elf zombie (Ossuary)
  A jelly (D:6)
  A hound (D:4)
  An orc priest (D:4)
  4 centaur zombies (Ossuary)
  Jessica (D:2)
  Natasha (thrice) (D:2)
  3 orc wizards
  4 mummies
  16 gnolls
  4 adders
  3 adder zombies (Ossuary)
  2 worms (D:2)
  A dart slug (D:1)
  5 orcs
  3 bats
  8 endoplasms
  4 giant cockroaches
  A gnoll zombie (Ossuary)
  7 goblins
  7 hobgoblins
  9 jackals
  8 kobolds
  4 quokkas
  6 ball pythons
  4 frilled lizards
  8 goblin zombies
  3 hobgoblin zombies (Ossuary)
  A jackal zombie (Ossuary)
  6 kobold zombies
  2 orc zombies (Ossuary)
  A quokka skeleton (D:4)
  2 quokka zombies (Ossuary)
  4 rats
  5 rat zombies (Ossuary)
149 creatures vanquished.

Vanquished Creatures (collateral kills)
  An adder (D:6)
1 creature vanquished.

Grand Total: 150 creatures vanquished

Notes
Turn   | Place    | Note
-------+----------+-------------------------------------------
     0 | D:1      | pokeman the Deep Elf Hedge Wizard began the quest for the
                  | Orb.
     0 | D:1      | Reached XP level 1. HP: 10/10 MP: 7/7
   459 | D:1      | Reached XP level 2. HP: 14/16 MP: 2/9
   832 | D:1      | Found a faded altar of an unknown god.
  1243 | D:2      | Reached skill level 5 in Spellcasting
  1327 | D:2      | Noticed Natasha
  1358 | D:2      | Reached XP level 3. HP: 20/20 MP: 8/11
  1362 | D:2      | Learned a level 3 spell: Mephitic Cloud
  1365 | D:2      | Learned a level 2 spell: Call Imp
  1368 | D:2      | Learned a level 2 spell: Blink
  1372 | D:2      | Learned a level 3 spell: Conjure Flame
  1597 | D:2      | Reached skill level 1 in Fighting
  1819 | D:2      | Reached skill level 1 in Armour
  1864 | D:2      | Reached XP level 4. HP: 25/25 MP: 4/13
  2211 | D:2      | Killed Natasha
  2212 | D:2      | Reached skill level 1 in Fire Magic
  2285 | D:2      | Noticed Natasha
  2295 | D:2      | Killed Natasha
  2296 | D:2      | Reached skill level 6 in Spellcasting
  2296 | D:2      | Reached XP level 5. HP: 26/29 MP: 10/15
  2367 | D:2      | Noticed Jessica
  2371 | D:2      | Killed Jessica
  2710 | D:2      | Noticed Natasha
  2719 | D:2      | Killed Natasha
  3294 | D:3      | Found a glowing golden altar of the Shining One.
  3389 | D:3      | Reached skill level 1 in Air Magic
  3959 | D:4      | Found Itoety's Book Shop.
  3967 | D:4      | Learned a level 5 spell: Freezing Cloud
  4031 | D:4      | Noticed a phantom
  4045 | D:4      | Killed a phantom
  4046 | D:4      | Reached XP level 6. HP: 18/34 MP: 3/17
  4333 | D:4      | Found a radiant altar of Vehumet.
  4336 | D:4      | Reached skill level 1 in Ice Magic
  4350 | D:4      | Became a worshipper of Vehumet
  4450 | D:4      | Found Veangim's Jewellery Emporium.
  4474 | D:4      | Reached skill level 7 in Spellcasting
  4474 | D:4      | Reached skill level 1 in Poison Magic
  4686 | D:4      | Found Lalan's Distillery.
  4689 | D:4      | Bought a potion of magic for 96 gold pieces
  4689 | D:4      | Bought 2 potions of curing for 72 gold pieces
  5009 | D:4      | Found Umicum's Distillery.
  5013 | D:4      | Bought a potion of degeneration for 12 gold pieces
  5092 | D:4      | Reached skill level 1 in Evocations
  5178 | D:4      | Reached XP level 7. HP: 27/39 MP: 10/20
  5717 | D:5      | Entered Level 5 of the Dungeon
  5779 | D:5      | Found a sand-covered staircase.
  5814 | Ossuary  | Entered an ossuary
  5898 | Ossuary  | Reached * piety under Vehumet
  5898 | Ossuary  | Offered knowledge of Shock by Vehumet.
  5899 | Ossuary  | Reached skill level 8 in Spellcasting
  5911 | Ossuary  | Learned a level 1 spell: Shock
  6664 | D:5      | Got Sif Muna's Guide on Hexes
  6712 | D:5      | Reached ** piety under Vehumet
  6712 | D:5      | Offered knowledge of Static Discharge by Vehumet.
  6731 | D:5      | Reached XP level 8. HP: 32/44 MP: 8/22
  6925 | D:5      | Reached skill level 9 in Spellcasting
  7052 | D:5      | Found a sparkling altar of Nemelex Xobeh.
  7133 | D:6      | Noticed Eustachio
  7161 | D:6      | Killed Eustachio
  7328 | D:6      | Noticed Pikel
  7350 | D:6      | Reached skill level 5 in Conjurations
  7353 | D:6      | HP: 2/44 [Pikel (6)]
  7353 | D:6      | Mangled by Pikel

Illustrated notes

Levels and vault maps discovered:
D:1:      sevenhm_arrival_forest_fort_small_5, layout_basic,
          shapermc_ecumenical_altar_notcrosses
D:2:      layout_loops_cross, uniq_natasha, uniq_jessica
D:3:      minmay_wonky_spiral, layout_basic, nicolae_tso_carved_into_rock,
          kennysheep_generic_room_2
D:4:      layout_basic, vehumet_altar_wand_db, serial_shops, shop_statue, shop,
          shop, kennysheep_mini, kennysheep_generic_room_5
D:5:      layout_rooms, nemelex_diamond_rough_becter, nicolae_ossuary_entry_giza
D:6:      layout_loops_corners, serial_shops, shop, kennysheep_donut,
          uniq_crazy_yiuf_cottage, uniq_eustachio, uniq_pikel, uniq_duvessa,
          uniq_maggie

Skill      XL: |  1  2  3  4  5  6  7  8 |
---------------+-------------------------+-----
Spellcasting   | 5 6 7 8 9 |  9.6
Fighting       | 1 2 |  2.1
Armour         | 1 2 |  2.3
Conjurations   | 2 3 4 5 |  5.0
Dodging        | 3 |  3.0
Fire Magic     | 1 2 3 |  3.4
Stealth        | 3 |  3.0
Air Magic      | 1 |  1.0
Ice Magic      | 1 |  1.0
Poison Magic   | 1 |  1.3
Evocations     | 1 |  1.0
Summonings     | |  1.1
Translocations | |  1.1

Action                   |  1- 3 |  4- 6 |  7- 9 || total
-------------------------+-------+-------+-------++-------
Melee: Dagger            |     7 |       |       ||     7
       Spear             |     3 |    51 |    75 ||   129
 Cast: Magic Dart        |    95 |   111 |    29 ||   235
       Mephitic Cloud    |     1 |    11 |    14 ||    26
       Shock             |       |       |    41 ||    41
       Conjure Flame     |       |       |    14 ||    14
       Call Imp          |       |       |     2 ||     2
 Stab: Sleeping          |       |     3 |     1 ||     4
       Confused          |       |     4 |     5 ||     9
Armor: Leather armour    |     7 |     7 |    11 ||    25
Dodge: Dodged            |    24 |    32 |    55 ||   111

Table legend: (Time is in decaauts)
 A = Elapsed time spent in this place.
 B = Non-inter-level travel time spent in this place.
 C = Inter-level travel time spent in this place.
 D = Time resting spent in this place.
 E = Time spent auto-exploring this place.
 F = Levels seen in this place.
 G = Mean time per level.
                   A        B        C        D        E       F      G
               +--------+--------+--------+--------+--------+-----+--------+
         Total |   7372 |   7243 |    129 |    102 |   6093 |   7 | 1053.1 |
       Dungeon |   6654 |   6525 |    129 |    102 |   5544 |   6 | 1109.0 |
       Ossuary |    717 |    717 |      0 |      0 |    549 |   1 |  717.0 |
               +--------+--------+--------+--------+--------+-----+--------+

Top non-repeatable levels by time:
     D:4: 1761 daAuts
     D:2: 1620 daAuts
     D:1: 1300 daAuts
     D:3: 1048 daAuts
 Ossuary: 717 daAuts
     D:5: 703 daAuts
     D:6: 221 daAuts
